 Dungeon Crawl Stone Soup version 0.21.1-1-g345015fe64 (webtiles) character file.

121 DildoBatman the Sneak (level 5, 0/41 HPs)
             Began as a Formicid Enchanter on Feb 10, 2018.
             Slain by a worker ant (5 damage)
             ... on level 4 of the Dungeon.
             The game lasted 00:07:29 (3373 turns).

DildoBatman the Sneak (Formicid Enchanter)          Turns: 3373, Time: 00:07:30

Health: 0/41       AC:  5    Str: 13    XL:     5   Next: 26%
Magic:  5/8        EV: 11    Int: 15    God:
Gold:   134        SH:  0    Dex: 11    Spells: 2/8 levels left

rFire    . . .     SeeInvis +   a - +1 dagger
rCold    . . .     Gourm    .   (no shield)
rNeg     . . .     Faith    .   i - +0 ring mail
rPois    .         Spirit   .   (helmet unavailable)
rElec    .         Reflect  .   (no cloak)
rCorr    .         Harm     .   (no gloves)
MR       .....                  (no boots)
Stlth    ++........             (no amulet)
HPRegen  0.13/turn              (no ring)
MPRegen  0.11/turn              (no ring)

@: lethally poisoned (0 -> -5)
A: permanent stasis, dig shafts and tunnels, four strong arms, antennae 3
a: Dig, Shaft Self


You were on level 4 of the Dungeon.
You were not hungry.

You visited 1 branch of the dungeon, and saw 4 of its levels.

You collected 134 gold pieces.

Inventory:

Hand Weapons
 a - a +1 dagger (weapon)
 j - a +3 dagger
Armour
 b - a +0 robe
 e - a +8 plate armour of ponderousness
 i - a +0 ring mail (worn)
Scrolls
 d - 2 scrolls of fear {unknown}
 f - 2 scrolls of blinking {unknown}
 h - a scroll of teleportation {unknown}
 k - a scroll of remove curse {unknown}
 n - a scroll of enchant armour {unknown}
 o - a scroll of amnesia {unknown}
 q - 4 scrolls of identify {unknown}
 t - a scroll of immolation {unknown}
 u - a scroll of magic mapping {unknown}
Potions
 g - a potion of flight {unknown}
 m - a potion of mutation {unknown}
 r - a potion of cancellation {unknown}
 s - a potion of agility {unknown}
 w - a potion of berserk rage {unknown}
Books
 c - a book of Maledictions

   Spells                             Type                      Level
   a - Corona                         Hexes                        1
   b - Ensorcelled Hibernation        Hexes/Ice                    2
   c - Confuse                        Hexes                        3
   d - Tukima's Dance                 Hexes                        3
   e - Dazzling Spray                 Conjuration/Hexes            3
 p - a book of Minor Magic

   Spells                             Type                      Level
   a - Magic Dart                     Conjuration                  1
   b - Blink                          Translocation                2
   c - Call Imp                       Summoning                    2
   d - Slow                           Hexes                        2
   e - Conjure Flame                  Conjuration/Fire             3
   f - Mephitic Cloud                 Conjuration/Poison/Air       3
Comestibles
 l - a chunk of flesh
 v - 5 rations


   Skills:
 * Level 3.2 Fighting
 - Level 1.0 Short Blades
 * Level 3.0 Armour
 * Level 2.0 Dodging
 - Level 4.0 Stealth
 - Level 2.1 Spellcasting
 - Level 3.6 Hexes


You had 2 spell levels left.
You knew the following spells:

 Your Spells              Type           Power        Failure   Level  Hunger
a - Slow                  Hex            ##......     16%         2    ###....
b - Confuse               Hex            ##......     30%         3    ###....
f - Corona                Hex            ##.....      10%         1    #......


Dungeon Overview and Level Annotations

Branches:
Dungeon (4/15)
 Temple: D:4-7

Altars:

Annotations:
D:2 Grinder
D:3 exclusions: hound and worker ant, DildoBatman's ghost, amateur FoEn


Innate Abilities, Weirdness & Mutations

You cannot be hasted, slowed, berserked, paralysed or teleported.
You can dig through walls and to a lower floor.
Your four strong arms can wield two-handed weapons with a shield.
You have a pair of large antennae on your head. (SInv)


Message History

You hit the worker ant but do no damage.
The worker ant is severely wounded.
You feel sick. The worker ant bites you.
You closely miss the worker ant.
The worker ant is severely wounded.
You feel sick.
You hit the worker ant but do no damage.
The worker ant is severely wounded.
The worker ant bites you but does no damage.
You feel sick.
You feel sick.
There is a stone staircase leading up here.
You closely miss the worker ant.
The worker ant is severely wounded.
You hit the worker ant but do no damage.
The worker ant is severely wounded.
You feel sick. The worker ant bites you.
You die...

#.)..
#####....
......>.#
........##
.........#
.........#
#....#
[..##..a.#
.......@[#
........##
........#
.........
.....?...
..........
..........
###########


You could see a worker ant.

Vanquished Creatures
  5 adders
  An ooze (D:2)
  A worm (D:2)
  A dart slug (D:2)
  3 leopard geckos
  4 orcs (D:3)
  3 giant cockroaches (D:3)
  7 goblins
  3 hobgoblins
  8 jackals
  A quokka (D:2)
  A ball python (D:3)
  5 bats
  A frilled lizard (D:2)
  7 kobolds
  7 rats
58 creatures vanquished.

Notes
Turn   | Place    | Note
-------+----------+-------------------------------------------
     0 | D:1      | DildoBatman the Formicid Enchanter began the quest for the Orb.
     0 | D:1      | Reached XP level 1. HP: 13/13 MP: 3/3
   138 | D:1      | Reached skill level 1 in Fighting
   161 | D:1      | Reached XP level 2. HP: 14/21 MP: 5/5
   924 | D:2      | Reached XP level 3. HP: 13/28 MP: 3/6
   950 | D:2      | Learned a level 3 spell: Confuse
  1591 | D:2      | Reached XP level 4. HP: 31/35 MP: 5/7
  1699 | D:2      | Reached skill level 1 in Armour
  1704 | D:2      | Reached skill level 4 in Stealth
  1744 | D:2      | Learned a level 2 spell: Slow
  2398 | D:3      | Reached XP level 5. HP: 23/41 MP: 4/8
  2679 | D:3      | Noticed Grinder
  2957 | D:3      | Noticed DildoBatman's ghost (amateur FoEn)
  3373 | D:4      | Slain by a worker ant

Skill      XL: |  1  2  3  4  5 |
---------------+----------------+-----
Fighting       | 1 2 3 |  3.2
Dodging        | 2 |  2.0
Armour         | 2 3 |  3.0
Stealth        | 4 |  4.0
Short Blades   | |  1.0
Spellcasting   | |  2.1
Hexes          | |  3.6

Action                   |  1- 3 |  4- 6 || total
-------------------------+-------+-------++-------
Melee: Dagger            |   112 |   174 ||   286
 Cast: Corona            |    19 |     8 ||    27
       Slow              |       |     6 ||     6
 Abil: Dig               |       |     1 ||     1
 Stab: Sleeping          |     2 |     7 ||     9
  Eat: Chunk             |     2 |     7 ||     9
Armor: Robe              |     8 |       ||     8
       Ring mail         |    41 |    44 ||    85
Dodge: Dodged            |    68 |   104 ||   172
